Map: Дзен РВ

Players

Andyree - Winner!

  • Race: Zerg Zerg
  • League: Silver
  • Spawn Location: 1:00

Dolmatt

  • Race: Terran Terran
  • League: Diamond
  • Spawn Location: 7:00

VOD

Have the link to the VOD?

Description

Time

  • Played on: Jan. 14, 2020, 8:47 p.m.
  • Length: 5:11
Show
View Real Time Build Order
Export as new Build Order

Andyree Zerg - Winner!

Build Orders: Hatch First 

Get SALT Encoding   

  12  0:01  Drone  
  13  0:12  Overlord  
  13  0:22  Drone  
  14  0:32  Drone x2  
  14  0:35  Drone  
  17  0:53  Hatchery  
  17  0:57  Drone  
  17  1:00  Drone  
  18  1:11  Extractor  
  17  1:17  Spawning Pool  
  16  1:19  Drone  
  16  1:23  Drone  
  18  1:31  Drone  
  19  1:43  Overlord  
  19  2:04  Queen  
  19  2:06  Zergling x2  
  19  2:07  Zergling x2, Queen  
  25  2:08  Drone  
  25  2:11  Drone  
  27  2:17  Drone  
  27  2:22  Drone  
  29  2:28  Drone  
  30  2:33  Drone  
  31  2:38  Roach Warren  
  31  2:41  Overlord  
  30  2:48  Overlord  
  30  2:51  Metabolic Boost  
  30  3:18  Roach x6  
  30  3:19  Roach  
  44  3:21  Zergling x6  
  44  3:23  Zergling x2  
  48  3:29  Overlord  
  48  3:36  Zergling x2  
  48  3:37  Zergling x2  
  50  3:49  Zergling x4  
  50  3:50  Zergling x4  
  50  3:51  Zergling x4  
  50  3:52  Overlord  
  53  4:10  Zergling x4  
  53  4:12  Zergling x4  
  56  4:28  Zergling x6  
  56  4:30  Zergling x8  
  58  4:35  Roach  
Show
View Real Time Build Order
Export as new Build Order

Dolmatt Terran 

Build Orders:  

Get SALT Encoding   

  12  0:01  SCV  
  13  0:13  SCV  
  14  0:17  Supply Depot  
  14  0:25  SCV  
  15  0:31  Refinery  
  15  0:39  SCV  
  16  0:45  Barracks  
  16  0:51  SCV  
  17  1:03  SCV  
  18  1:15  SCV  
  19  1:27  SCV  
  20  1:39  SCV  
  21  1:45  Command Center  
  21  1:52  Supply Depot  
  21  1:56  Barracks Reactor  
  21  2:02  Factory  
  21  2:05  SCV  
  22  2:14  Refinery  
  22  2:17  SCV  
  23  2:29  Orbital Command  
  23  2:35  Marine x2  
  25  2:39  Supply Depot  
  25  2:45  Factory Tech Lab  
  25  2:52  Starport  
  25  2:58  SCV  
  26  3:10  SCV  
  27  3:17  Stimpack  
  27  3:18  Hellion  
  27  3:19  Hellion  
  31  3:25  Barracks  
  31  3:39  Marine  
  31  3:40  Hellion  
  34  3:44  Supply Depot  
  34  3:50  Starport Reactor  
  34  3:55  Barracks  
  34  3:58  Hellion  
  34  4:01  Hellion  
  38  4:11  Marine  
  38  4:12  Marine  
  37  4:29  Marine x2  
  29  4:47  Marine  
  29  4:50  Bunker  
Tags
 
Matchup
ЗvТ
Spawn Locations
Cross Positions
Add a new tag
Caveats
  • Supply blocks, unpowered buildings, or Contaminate may cause inaccurate times.
  • Supply counts are checked every 10 seconds.